 Dungeon Crawl Stone Soup version 0.26.1-2-gb8aa6d0cf2 (webtiles) character file.

Game seed: 2263928046816597620

5299 Ladykiller69 the Cleaver (level 10, -4/90 HPs)
             Began as a Minotaur Gladiator on Mar 18, 2021.
             Was a Believer of Wu Jian.
             Slain by a yak (11 damage)
             ... on level 9 of the Dungeon.
             The game lasted 00:13:47 (8425 turns).

Ladykiller69 the Cleaver (Minotaur Gladiator)       Turns: 8425, Time: 00:13:47

Health: -4/90      AC: 14    Str: 22    XL:     10   Next: 37%
Magic:  9/9        EV: 12    Int:  5    God:    Wu Jian [**....]
Gold:   573        SH:  0    Dex: 12    Spells: 9/9 levels left

rFire    . . .     SeeInvis .   J - +0 battleaxe
rCold    . . .     Faith    .   (shield currently unavailable)
rNeg     . . .     Spirit   .   e - +0 chain mail
rPois    .         Reflect  .   c - +0 hat
rElec    .         Harm     .   p - +2 cloak
rCorr    .         Rampage  .   (no gloves)
Will     .....                  (no boots)
Stlth    ..........             (no amulet)
HPRegen  0.25/turn              (no ring)
MPRegen  0.11/turn              (no ring)

@: no status effects
A: retaliatory headbutt, horns 2
a: Renounce Religion, Wall Jump


You were on level 9 of the Dungeon.
You worshipped Wu Jian.
Wu Jian was pleased with you.
You visited 2 branches of the dungeon, and saw 12 of its levels.
You also visited: Sewer and Ossuary.

You collected 573 gold pieces.

Inventory:

Hand Weapons
 J - a +0 battleaxe (weapon)
Missiles
 d - 3 throwing nets
 s - 13 poisoned darts (quivered)
Armour
 c - a +0 hat (worn)
 e - a +0 chain mail (worn)
 p - a +2 cloak (worn)
 A - a scarf of invisibility
Jewellery
 h - an uncursed amulet of magic regeneration {unknown}
 o - an uncursed ring of see invisible
 t - an uncursed ring of wizardry {unknown}
 D - an uncursed amulet of reflection {unknown}
 E - an uncursed ring of ice {unknown}
 G - an uncursed ring of wizardry {unknown}
 H - a cursed ring of magical power {unknown}
 L - a +6 ring of intelligence {unknown}
 M - an uncursed ring of flight {unknown}
 N - an uncursed ring of stealth {unknown}
 O - an uncursed ring of protection from cold
 P - an uncursed ring of magical power {unknown}
Wands
 y - a wand of disintegration (13)
Scrolls
 f - a scroll of fog
 l - 12 scrolls of identify {unknown}
 m - 2 scrolls of magic mapping {unknown}
 n - 3 scrolls of teleportation
 q - 4 scrolls of remove curse
 u - 2 scrolls of blinking
 v - a scroll of torment {unknown}
 w - 2 scrolls of enchant weapon {unknown}
 B - a scroll of immolation {unknown}
 C - a scroll of summoning {unknown}
 F - a scroll of amnesia
 I - a scroll of fear {unknown}
Potions
 a - 2 potions of berserk rage {unknown}
 b - a potion of cancellation {unknown}
 g - 2 potions of brilliance {unknown}
 i - 3 potions of flight
 j - 3 potions of curing {unknown}
 k - 3 potions of degeneration {unknown}
 r - a potion of heal wounds {unknown}
 x - 6 potions of haste {unknown}
 z - a potion of resistance {unknown}
 K - a potion of magic {unknown}


   Skills:
 + Level 8.6 Fighting
 * Level 10.9(11.3) Axes
 - Level 5.3(8.9) Maces & Flails
 - Level 2.0 Throwing
 + Level 8.0 Armour
 + Level 8.3 Dodging


You had 9 spell levels left.
You didn't know any spells.
Your spell library contained the following spells:

 Spells                   Type           Power        Failure   Level
 Animate Skeleton         Necr           0%           98%         1
 Apportation              Tloc           0%           98%         1
 Corona                   Hex            0%           98%         1
 Freeze                   Ice            0%           98%         1
 Summon Small Mammal      Summ           0%           98%         1
 Frozen Ramparts          Ice            0%           100%        3
 Ozocubu's Armour         Ice            0%           100%        3
 Cause Fear               Hex            0%           100%        4
 Hailstorm                Conj/Ice       0%           100%        4
 Summon Ice Beast         Ice/Summ       0%           100%        4
 Silence                  Hex/Air        0%           100%        5
 Yara's Violent Unravell  Hex/Tmut       0%           100%        5
 Discord                  Hex            0%           100%        8


Dungeon Overview and Level Annotations

Branches:
Dungeon (11/15)            Temple (1/1) D:6            Lair (0/6) D:8
  Sewer (visited)         Ossuary (visited)
    Orc: D:9-12

Altars:
Ashenzari
Cheibriados
Dithmenos
Elyvilon
Fedhas
Gozag
Hepliaklqana
Kikubaaqudgha
Makhleb
Nemelex Xobeh
Okawaru
Qazlal
Ru
Sif Muna
Uskayaw
Vehumet
Wu Jian
Xom
Yredelemnul
Zin
The Shining One

Annotations:
D:8 Erica
D:10 Harold, Urug


Innate Abilities, Weirdness & Mutations

You reflexively headbutt those who attack you in melee.
You have a pair of horns on your head.


Message History

You are no longer poisoned.
The hound skeleton closely misses you.
The yak gores you but does no damage. x2
Unknown command.
You hit the yak. You headbutt the yak, but do no damage.
The yak is moderately wounded.
You hit the yak but do no damage. You hit the hound skeleton.
You destroy the hound skeleton!
The Council accepts your kill. The yak gores you.
* * * LOW HITPOINT WARNING * * *
The yak gores you but does no damage.
You barely miss the yak. You headbutt the yak, but do no damage.
The yak is moderately wounded.
You slash the yak! The yak gores you!
* * * LOW HITPOINT WARNING * * *
The yak gores you but does no damage.
Unknown command.
You spin to attack the yak, but your attack speed is too slow for a blow to land.
The yak gores you!
You die...

# ..# ....
#######....
#<......>..
#..........
#..†.......
#.Y........
#.@.Y......
#..........
#..........
###########


You could see 2 yaks.

Vanquished Creatures
  7 yaks
  3 wargs (D:8)
  Edmund (D:5)
  A water moccasin (D:9)
  An ice beast (D:7)
  An orc warrior (D:9)
  A black bear (D:9)
  A necrophage (D:9)
  A phantom (D:6)
  5 ogres
  2 big kobolds
  An elf zombie (Ossuary)
  An elf skeleton (D:4)
  8 bullfrogs
  A gnoll sergeant (D:8)
  2 scorpions
  A killer bee (D:9)
  5 wights
  2 vampire bats (D:4)
  A bullfrog zombie (D:7)
  3 jellies
  4 orc priests
  2 bullfrog skeletons
  2 centaur skeletons
  5 hounds
  2 human zombies (Ossuary)
  5 iguanas
  4 orc wizards
  Jessica (D:3)
  3 human skeletons (D:4)
  4 worker ants
  4 mummies (Ossuary)
  3 hound skeletons
  9 gnolls
  9 adders
  2 river rats (Sewer)
  7 white imps
  An ufetubus (D:5)
  2 oozes
  4 worms
  A dart slug (D:1)
  7 leopard geckos
  21 orcs
  A ball python (D:3)
  4 bat skeletons (D:4)
  2 bat zombies (D:4)
  8 giant cockroaches
  12 goblins
  11 hobgoblins
  16 jackals
  9 kobolds
  5 quokkas
  5 bats
  5 frilled lizards
  2 gnoll zombies (Ossuary)
  A goblin zombie (Ossuary)
  2 hobgoblin zombies (Ossuary)
  2 jackal skeletons
  2 jackal zombies (Ossuary)
  A kobold zombie (Ossuary)
  A leopard gecko skeleton (D:4)
  An orc skeleton (D:4)
  An orc zombie (D:4)
  2 quokka zombies
  12 rats
  A rat zombie (Ossuary)
257 creatures vanquished.

Notes
Turn   | Place    | Note
-------+----------+-------------------------------------------
     0 | D:1      | Ladykiller69 the Minotaur Gladiator began the quest for the
                  | Orb.
     0 | D:1      | Reached XP level 1. HP: 18/18 MP: 0/0
   358 | D:1      | Reached XP level 2. HP: 23/25 MP: 1/1
   383 | D:1      | Reached skill level 1 in Maces & Flails
   461 | D:1      | Reached skill level 4 in Axes
   504 | D:1      | Reached XP level 3. HP: 28/31 MP: 2/2
   883 | D:2      | Reached skill level 1 in Armour
  1098 | D:2      | Found a snail-covered altar of Cheibriados.
  1134 | D:2      | Found a faded altar of an unknown god.
  1167 | D:2      | Reached XP level 4. HP: 38/38 MP: 3/3
  1609 | D:3      | Reached XP level 5. HP: 45/45 MP: 4/4
  1775 | D:3      | Found a glowing drain.
  1790 | Sewer    | Entered a sewer
  1856 | Sewer    | Reached XP level 6. HP: 49/52 MP: 5/5
  1883 | Sewer    | Found a white marble altar of Elyvilon.
  2121 | D:3      | Noticed Jessica
  2128 | D:3      | Killed Jessica
  2133 | D:3      | Reached skill level 5 in Axes
  2393 | D:3      | Found a shadowy altar of Dithmenos.
  2570 | D:3      | Found an opulent altar of Gozag.
  2570 | D:3      | Found a stormy altar of Qazlal.
  2658 | D:4      | Found a sand-covered staircase.
  2664 | D:4      | Reached XP level 7. HP: 60/60 MP: 6/6
  2666 | Ossuary  | Entered an ossuary
  2689 | Ossuary  | Reached skill level 5 in Dodging
  2907 | Ossuary  | Reached skill level 5 in Fighting
  3256 | D:4      | Found an ancient bone altar of Kikubaaqudgha.
  3410 | D:4      | Reached skill level 6 in Axes
  3668 | D:4      | Found a hide-covered altar of Uskayaw.
  3674 | D:4      | Noticed a +0 hand axe
  3674 | D:4      | Noticed a +0 dagger
  3961 | D:5      | Entered Level 5 of the Dungeon
  4054 | D:5      | Found Kaijoika's General Store.
  4221 | D:5      | Reached XP level 8. HP: 62/69 MP: 7/7
  4573 | D:5      | Noticed Edmund
  4607 | D:5      | Killed Edmund
  4608 | D:5      | Reached skill level 5 in Maces & Flails
  4623 | D:5      | Reached skill level 5 in Armour
  5341 | D:6      | Found a snail-covered altar of Cheibriados.
  5360 | D:6      | Reached skill level 7 in Axes
  5410 | D:6      | Found a staircase to the Ecumenical Temple.
  5459 | Temple   | Entered the Ecumenical Temple
  5518 | Temple   | Became a worshipper of the Wu Jian Council
  6321 | D:7      | Reached XP level 9. HP: 72/78 MP: 8/8
  6391 | D:7      | Reached skill level 8 in Axes
  7165 | D:8      | Found a staircase to the Lair.
  7193 | D:8      | Reached skill level 9 in Axes
  7629 | D:8      | You fall into a shaft and drop 3 floors!
  7629 | D:11     | Noticed a four-headed hydra
  7642 | D:11     | Noticed a boulder beetle
  7644 | D:10     | Entered Level 10 of the Dungeon
  7708 | D:10     | Reached * piety under Wu Jian
  7757 | D:10     | Noticed Harold
  7900 | D:10     | Reached skill level 10 in Axes
  7904 | D:10     | Noticed Urug
  7942 | D:9      | Reached XP level 10. HP: 46/88 MP: 9/9
  7980 | D:9      | Reached ** piety under Wu Jian
  8392 | D:8      | Noticed Erica
  8425 | D:9      | Slain by a yak

Illustrated notes

Levels and vault maps discovered:
D:1:      lightli_iron_boxes, layout_basic, minivault_23,
          hangedman_feature_mirror
D:2:      layout_rooms, lemuel_round_altar, chequers_ecumenical_altar_simple
D:3:      layout_loops_ring, general_overflow_altar,
          gammafunk_temple_overflow_elements, gup_sewer_entry_pipe, uniq_jessica
D:4:      layout_loops_cross, kennysheep_vampire_church,
          dancing_weapons_uskayaw, nicolae_ossuary_entry_catacombs
D:5:      layout_layer_cave, serial_shops, shop, uniq_edmund
D:6:      layout_basic, temple_pool_b, basic_altar
D:7:      layout_loops_ring
D:8:      layout_loops_ring, erik_lair_orcish_takeover, roderic_lattice_a,
          uniq_erica, uniq_joseph
D:9:      nzn_winding_woodlands_stair_cross [nzn_winding_woodlands_5x15_cabin,
          nzn_winding_woodlands_center_lodge,
          nzn_winding_woodlands_5x15_sawtooth, nzn_winding_woodlands_hourglass,
          nzn_winding_woodlands_5x5_open_star, nzn_winding_woodlands_5x15_pool,
          nzn_winding_woodlands_center_triple_pond,
          nzn_winding_woodlands_5x15_split_checker], layout_small_grid,
          lightli_temple_of_fire, enter_bailey_5,
          nicolae_ru_great_annihilating_truth
D:10:     layout_loops_corners, uniq_snorg, uniq_urug, uniq_harold
D:11:     layout_irregular_city
Temple:   eino_wide_crystal_templ

Skill      XL: |  1  2  3  4  5  6  7  8  9 10 |
---------------+-------------------------------+-----
Maces & Flails | 1 2 3 4 5 |  5.3
Fighting       | 3 4 5 6 8 |  8.6
Axes           | 4 5 6 7 10 | 10.9
Armour         | 1 2 3 4 5 7 8 |  8.0
Dodging        | 4 5 6 7 8 |  8.3
Throwing       | |  2.0

Action                   |  1- 3 |  4- 6 |  7- 9 | 10-12 || total
-------------------------+-------+-------+-------+-------++-------
Melee: War axe           |    79 |   140 |   197 |       ||   416
       Headbutt          |     7 |    28 |    70 |    19 ||   124
       Battleaxe         |       |       |   133 |    66 ||   199
Throw: Dart              |       |       |    12 |       ||    12
       Throwing net      |       |       |     2 |       ||     2
Invok: Lunge             |       |       |    12 |     4 ||    16
       Whirlwind         |       |       |       |     7 ||     7
 Abil: Wall Jump         |       |       |       |     1 ||     1
  Use: Scroll            |       |       |     5 |       ||     5
       Potion            |       |       |     1 |       ||     1
Armor: Leather armour    |    10 |       |       |       ||    10
       Chain mail        |    28 |    87 |   177 |    55 ||   347
Dodge: Dodged            |    61 |    65 |   186 |    48 ||   360
